Penguins vs Stars (R1)

Created - 19 octobre 2015 at 19:08

Goals
1 2 3 T
Penguins 1 2 2 5
Stars 1 1 0 2
Shots
1 2 3 T
Penguins 11 13 9 33
Stars 9 11 10 30

1st period

1. Stars , Chris Stewart 3 (Jordan Leopold, Brian Lee) at 8:02
2. Penguins , Denis Arkhipov 3 (Brian McGrattan, Paul Ranger) at 10:52

Penalties :
Alexei Morozov (Dal) for Holding Stick (Minor) at 2:25, Ryane Clowe (Dal) for Holding (Minor) at 16:49

2nd period

3. Penguins , Ryan Kesler 3 (Nathan Horton) at 0:04
4. Penguins , Denis Arkhipov 4 (Ladislav Nagy, Luke Schenn) at 4:27
5. Stars , Mike Ribeiro 3 (Alexei Morozov) at 9:39 (PP)

Penalties :
Sean Zimmerman (Pit) for Holding (Minor) at 9:34, Scott Hartnell (Dal) for Hooking (Minor) at 11:25, Nathan Horton (Pit) for Hooking (Minor) at 17:57

3rd period

6. Penguins , Steve Sullivan 1 (Brooks Orpik, Darren Reid) at 17:57
7. Penguins , Brooks Orpik 1 (Simon Gagné) at 18:16 (PP)

Penalties :
Luke Schenn (Pit) for High sticking (Minor) at 3:05, Brian Lee (Dal) for Tripping (Minor) at 6:14, Alexei Morozov (Dal) for Slashing (Minor) at 7:12, Saku Koivu (Dal) for Holding (Minor) at 9:20, Brent Sopel (Pit) for Hooking (Minor) at 9:26, Paul Ranger (Pit) for Holding (Minor) at 11:53, Chris Kunitz (Dal) for Tripping (Minor) at 18:07

Goalie Stats

Brian Elliott (Pit), 28 saves from 30 shots - (0,933), W, 3-2-1, 60:00 minutes
Pascal Leclaire (Dal), 28 saves from 33 shots - (0,848), L, 2-4-0, 60:00 minutes

Players Stats for Penguins

Player Name              G  A  P  +/- PIM S  H  SB GA TA FO     MP     PP MP  PK MP  
------------------------------------------------------------------------------------
Bobby Ryan               0  0  0  -1  0   0  0  1  1  1  1/1    17:46   4:11   1:41 
Brendan Smith            0  0  0   1  0   0  0  1  0  0  0/0    11:27   0:05   0:06 
Brent Sopel              0  0  0   0  2   0  0  1  0  0  0/0    21:39   3:43   2:13 
Brian McGrattan          0  1  1   2  0   0  0  0  0  0  0/0     8:26   0:00   1:16 
Brooks Orpik             1  1  2   2  0   4  1  1  1  0  0/0    27:16   5:20   3:49 
Darren Reid              0  1  1   1  0   1  0  1  0  0  0/0    11:34   0:00   0:00 
Denis Arkhipov           2  0  2   2  0   3  1  0  0  0  3/5     7:15   0:00   0:08 
Dustin Penner            0  0  0  -1  0   1  3  0  0  1  1/2    15:33   4:11   0:47 
Ladislav Nagy            0  1  1   2  0   2  0  0  0  0  0/0     7:04   0:00   0:00 
Luke Schenn              0  1  1   0  2   1  1  0  0  1  0/0    21:11   3:44   1:38 
Nathan Horton            0  1  1   1  2   4  3  0  1  1  0/2    20:25   4:58   1:11 
Oleg Kvasha              0  0  0   1  0   0  2  0  0  0  1/6    11:11   0:00   0:00 
Paul Ranger              0  1  1   1  2   1  0  0  0  0  0/0    12:21   0:05   0:46 
Ryan Kesler              1  0  1   1  0   5  0  0  0  1  19/39  22:33   4:58   3:33 
Sean Zimmerman           0  0  0   2  2   2  1  2  1  1  0/0    27:10   5:20   3:44 
Simon Gagné              0  1  1   1  0   3  1  0  0  0  1/2    22:46   4:58   3:40 
Steve Sullivan           1  0  1   1  0   3  2  0  0  1  0/0    11:34   0:00   0:00 
Steven Stamkos           0  0  0  -1  0   3  3  1  0  0  6/11   14:43   4:11   0:00 

Players Stats for Stars

Player Name              G  A  P  +/- PIM S  H  SB GA TA FO     MP     PP MP  PK MP  
------------------------------------------------------------------------------------
Alexei Morozov           0  1  1  -3  4   2  3  0  0  0  1/2    20:18   3:25   1:06 
Brian Lee                0  1  1   0  2   1  2  1  1  0  0/0    19:50   2:26   3:22 
Chris Kunitz             0  0  0   1  2   3  3  0  2  0  0/1    10:18   0:00   1:52 
Chris Stewart            1  0  1   1  0   4  0  0  0  0  1/2     9:46   0:12   0:00 
Eric Brewer              0  0  0  -3  0   0  0  1  0  0  0/0    29:57   3:42   5:27 
John Tavares             0  0  0  -1  0   3  2  1  1  0  4/14   17:05   2:37   2:59 
Jordan Leopold           0  1  1   0  0   0  3  1  0  0  0/0    20:11   2:26   3:42 
Marty Reasoner           0  0  0   0  0   1  0  0  0  0  1/1     8:22   0:00   1:16 
Mike Ribeiro             1  0  1  -3  0   7  4  1  0  0  22/38  23:58   3:19   4:03 
Pavel Kubina             0  0  0  -3  0   2  0  1  2  2  0/0    29:57   3:42   5:27 
Petr Schastlivy          0  0  0   0  0   0  1  0  0  0  0/0     7:16   0:00   0:09 
Radim Vrbata             0  0  0  -1  0   1  3  0  1  0  0/0    14:02   2:37   0:00 
Ryane Clowe              0  0  0  -1  2   1  1  0  0  1  0/0    14:24   2:37   0:00 
Saku Koivu               0  0  0   1  2   1  0  0  0  0  6/8     9:07   0:18   0:00 
Scott Hartnell           0  0  0  -3  2   2  4  0  0  0  0/1    22:57   3:19   3:00 
Shane Doan               0  0  0   0  0   2  0  0  0  0  1/1    10:17   0:00   2:50 
Shaone Morrisonn         0  0  0   0  0   0  0  0  0  1  0/0     9:52   0:00   0:00 
Travis Hamonic           0  0  0   0  0   0  0  0  0  0  0/0    10:13   0:00   0:21 

3 Stars

1 - Denis Arkhipov (Pit)
2 - Brooks Orpik (Pit)
3 - Steve Sullivan (Pit)

Power Play

Penguins - 1 on 7 Attempt(s) - 14,29%
Stars - 1 on 5 Attempt(s) - 20,00%

Penalty Kill

Penguins - 4 on 5 Attempt(s) - 80,00% - Score 0 goal in Penalty Kill
Stars - 6 on 7 Attempt(s) - 85,71% - Score 0 goal in Penalty Kill

Team Stat

Penguins - Hits : 18 - Faceoff Wins : 32 - Blocked Shots : 8 - Penalty Minutes : 10
Stars - Hits : 26 - Faceoff Wins : 36 - Blocked Shots : 6 - Penalty Minutes : 14

Official

Referees : O'Halloran Dan and Furlatt Eric
Linesman : Brad Lazarowich and Lyle Seitz

Game Notes

No Game Note

Finance

Level 1 -- Attendance: 4837 (80,62%) -- Ticket Income 435 330 $
Level 2 -- Attendance: 3562 (71,24%) -- Ticket Income 195 910 $
Level 3 -- Attendance: 1410 (70,50%) -- Ticket Income 49 350 $
Level 4 -- Attendance: 2911 (72,78%) -- Ticket Income 72 775 $
Luxury Box -- Attendance: 808 (80,80%) -- Ticket Income 141 400 $
Game was played at the American Airlines Center'
Total Attendance: 13528 (75,16%)
Total Ticket Income: 894 765 $
Other Income: 134 215 $
Total Income: 1 028 980 $

Penguins

5 vs 5 Forward 
   Center                   Left Wing                Right Wing               Time % Phy DF OF 
 1 Ryan Kesler              Simon Gagné              Nathan Horton            40     1   2  2  
 2 Steven Stamkos           Dustin Penner            Bobby Ryan               30     1   2  2  
 3 Oleg Kvasha              Steve Sullivan           Darren Reid              20     1   2  2  
 4 Denis Arkhipov           Ladislav Nagy            Brian McGrattan          10     1   2  2  

5 vs 5 Defense 
   Defense                  Defense                                           Time % Phy DF OF 
 1 Brooks Orpik             Sean Zimmerman                                    40     1   2  2  
 2 Brent Sopel              Luke Schenn                                       30     1   2  2  
 3 Brendan Smith            Paul Ranger                                       20     1   2  2  
 4 Brooks Orpik             Sean Zimmerman                                    10     1   2  2  

PowerPlay Forward 
   Center                   Left Wing                Right Wing               Time % Phy DF OF 
 1 Ryan Kesler              Simon Gagné              Nathan Horton            60     1   2  2  
 2 Steven Stamkos           Dustin Penner            Bobby Ryan               40     1   2  2  

PowerPlay Defense
   Defense                  Defense                                           Time % Phy DF OF 
 1 Brooks Orpik             Sean Zimmerman                                    60     1   2  2  
 2 Brent Sopel              Luke Schenn                                       40     1   2  2  

Penalty Kill 4 Players Forward 
   Center                   Wing                     Time % Phy DF OF 
 1 Ryan Kesler              Simon Gagné              60     1   2  2  
 2 Nathan Horton            Bobby Ryan               40     1   2  2  

Penalty Kill 4 Players Defense
   Defense                  Defense                  Time % Phy DF OF 
 1 Brooks Orpik             Sean Zimmerman           60     1   2  2  
 2 Brent Sopel              Luke Schenn              40     1   2  2  

Penalty Kill - 3 Players Forward 
   Forward                                           Time % Phy DF OF 
 1 Ryan Kesler                                       60     1   2  2  
 2 Simon Gagné                                       40     1   2  2  

Penalty Kill - 3 Players Defense
   Defense                  Defense                  Time % Phy DF OF 
 1 Brooks Orpik             Sean Zimmerman           60     1   2  2  
 2 Brent Sopel              Luke Schenn              40     1   2  2  

4 vs 4 Forward 
   Center                   Wing                     Time % Phy DF OF 
 1 Ryan Kesler              Simon Gagné              60     1   2  2  
 2 Nathan Horton            Bobby Ryan               40     1   2  2  

4 vs 4 Defense
   Defense                  Defense                  Time % Phy DF OF 
 1 Brooks Orpik             Sean Zimmerman           60     1   2  2  
 2 Brent Sopel              Luke Schenn              40     1   2  2  

Last Minutes Offensive
   Center                   Left Wing                Right Wing               Defense                  Defense                  
   Ryan Kesler              Simon Gagné              Nathan Horton            Brooks Orpik             Sean Zimmerman           

Last Minutes Defensive
   Center                   Left Wing                Right Wing               Defense                  Defense                  
   Ryan Kesler              Simon Gagné              Nathan Horton            Brooks Orpik             Sean Zimmerman           

Goaltenders
Starting : Brian Elliott            
Backup : Josh Tordjman            

Extra Forwards
Normal : Darren Reid, Steve Sullivan, Brian McGrattan - PP : Darren Reid, Steve Sullivan - PK : Brian McGrattan
Extra Defensemen
Normal : Brendan Smith, Paul Ranger, Brent Sopel - PP : Brendan Smith - PK : Paul Ranger, Brent Sopel
Penalty Shots
Ryan Kesler, Simon Gagné, Nathan Horton, Bobby Ryan, Darren Reid

Stars

5 vs 5 Forward 
   Center                   Left Wing                Right Wing               Time % Phy DF OF 
 1 Mike Ribeiro             Scott Hartnell           Alexei Morozov           40     1   2  2  
 2 John Tavares             Ryane Clowe              Radim Vrbata             30     1   2  2  
 3 Saku Koivu               Chris Kunitz             Chris Stewart            20     1   2  2  
 4 Marty Reasoner           Petr Schastlivy          Shane Doan               10     1   2  2  

5 vs 5 Defense 
   Defense                  Defense                                           Time % Phy DF OF 
 1 Eric Brewer              Pavel Kubina                                      40     1   2  2  
 2 Brian Lee                Jordan Leopold                                    30     1   2  2  
 3 Shaone Morrisonn         Travis Hamonic                                    20     1   2  2  
 4 Eric Brewer              Pavel Kubina                                      10     1   2  2  

PowerPlay Forward 
   Center                   Left Wing                Right Wing               Time % Phy DF OF 
 1 Mike Ribeiro             Scott Hartnell           Alexei Morozov           60     1   2  2  
 2 John Tavares             Ryane Clowe              Radim Vrbata             40     1   2  2  

PowerPlay Defense
   Defense                  Defense                                           Time % Phy DF OF 
 1 Eric Brewer              Pavel Kubina                                      60     1   2  2  
 2 Brian Lee                Jordan Leopold                                    40     1   2  2  

Penalty Kill 4 Players Forward 
   Center                   Wing                     Time % Phy DF OF 
 1 Mike Ribeiro             Scott Hartnell           60     1   2  2  
 2 Alexei Morozov           John Tavares             40     1   2  2  

Penalty Kill 4 Players Defense
   Defense                  Defense                  Time % Phy DF OF 
 1 Eric Brewer              Pavel Kubina             60     1   2  2  
 2 Brian Lee                Jordan Leopold           40     1   2  2  

Penalty Kill - 3 Players Forward 
   Forward                                           Time % Phy DF OF 
 1 Mike Ribeiro                                      60     1   2  2  
 2 Scott Hartnell                                    40     1   2  2  

Penalty Kill - 3 Players Defense
   Defense                  Defense                  Time % Phy DF OF 
 1 Eric Brewer              Pavel Kubina             60     1   2  2  
 2 Brian Lee                Jordan Leopold           40     1   2  2  

4 vs 4 Forward 
   Center                   Wing                     Time % Phy DF OF 
 1 Mike Ribeiro             Scott Hartnell           60     1   2  2  
 2 Alexei Morozov           John Tavares             40     1   2  2  

4 vs 4 Defense
   Defense                  Defense                  Time % Phy DF OF 
 1 Eric Brewer              Pavel Kubina             60     1   2  2  
 2 Brian Lee                Jordan Leopold           40     1   2  2  

Last Minutes Offensive
   Center                   Left Wing                Right Wing               Defense                  Defense                  
   Mike Ribeiro             Scott Hartnell           Alexei Morozov           Eric Brewer              Pavel Kubina             

Last Minutes Defensive
   Center                   Left Wing                Right Wing               Defense                  Defense                  
   Mike Ribeiro             Scott Hartnell           Alexei Morozov           Eric Brewer              Pavel Kubina             

Goaltenders
Starting : Pascal Leclaire          
Backup : Erik Ersberg             

Extra Forwards
Normal : Chris Stewart, Saku Koivu, Shane Doan - PP : Chris Stewart, Saku Koivu - PK : Shane Doan
Extra Defensemen
Normal : Shaone Morrisonn, Travis Hamonic, Brian Lee - PP : Shaone Morrisonn - PK : Travis Hamonic, Brian Lee
Penalty Shots
Mike Ribeiro, Scott Hartnell, Alexei Morozov, John Tavares, Ryane Clowe

% Time on Ice - Penguins

Lines # - Real PCT - Wanted PCT - Time Play
Normal Forward
1 - 30% - 40% - 13:00
2 - 27% - 30% - 11:35
3 - 26% - 20% - 11:11
4 - 16% - 10% - 7:04
Normal Defense
1 - 39% - 40% - 16:36
2 - 37% - 30% - 15:43
3 - 23% - 20% - 9:46
4 - 2% - 10% - 0:45
PP Forward
1 - 54% - 60% - 4:58
2 - 46% - 40% - 4:11
PP Defense
1 - 59% - 60% - 5:25
2 - 41% - 40% - 3:44
PK Forward
1 - 73% - 60% - 4:27
2 - 27% - 40% - 1:41
PK Defense
1 - 62% - 60% - 3:49
2 - 38% - 40% - 2:19
PK3 Forward
1 - 0% - 60%
2 - 0% - 40%
PK3 Defense
1 - 0% - 60%
2 - 0% - 40%
44 Forward
1 - 83% - 60% - 1:34
2 - 17% - 40% - 0:19
44 Defense
1 - 74% - 60% - 1:24
2 - 26% - 40% - 0:29
Last Minute Offensive  - 0:00
Last Minute Defensive  - 0:00
Total
Forward - 60:00
Defense - 60:00

% Time on Ice - Stars

Lines # - Real PCT - Wanted PCT - Time Play
Normal Forward
1 - 36% - 40% - 15:29
2 - 28% - 30% - 11:50
3 - 20% - 20% - 8:27
4 - 16% - 10% - 7:04
Normal Defense
1 - 41% - 40% - 17:34
2 - 31% - 30% - 13:18
3 - 23% - 20% - 9:52
4 - 5% - 10% - 2:06
PP Forward
1 - 57% - 60% - 3:31
2 - 43% - 40% - 2:37
PP Defense
1 - 60% - 60% - 3:42
2 - 40% - 40% - 2:26
PK Forward
1 - 71% - 60% - 5:46
2 - 29% - 40% - 2:22
PK Defense
1 - 55% - 60% - 4:26
2 - 45% - 40% - 3:42
PK3 Forward
1 - 79% - 60% - 0:48
2 - 21% - 40% - 0:13
PK3 Defense
1 - 100% - 60% - 1:01
2 - 0% - 40% - 0:00
44 Forward
1 - 82% - 60% - 1:33
2 - 18% - 40% - 0:20
44 Defense
1 - 60% - 60% - 1:08
2 - 40% - 40% - 0:45
Last Minute Offensive  - 0:00
Last Minute Defensive  - 0:00
Total
Forward - 60:00
Defense - 60:00

Play by Play

1st period


0:01 of 1st period - Ryan Kesler wins face-off versus Mike Ribeiro in neutral zone.
0:16 of 1st period - Snap shot by Scott Hartnell.
0:16 of 1st period - Deflect By Sean Zimmerman.
0:16 of 1st period - Stopped by Brian Elliott with a rebound.
0:45 of 1st period - Backhand shot by Shane Doan.
0:45 of 1st period - Shot Blocked by Sean Zimmerman.
0:53 of 1st period - Wrist shot by Dustin Penner.
0:53 of 1st period - Deflect By Bobby Ryan.
0:53 of 1st period - Shot Misses the Net.
0:53 of 1st period - Puck is out of play.
0:54 of 1st period - Saku Koivu wins face-off versus Oleg Kvasha in Stars zone.
0:58 of 1st period - Off-side.
0:59 of 1st period - Saku Koivu wins face-off versus Oleg Kvasha in neutral zone.
1:30 of 1st period - Wrist shot by Ryan Kesler.
1:30 of 1st period - Stopped by Pascal Leclaire with a rebound.
2:25 of 1st period - Minor Penalty to Alexei Morozov for Holding Stick.
2:26 of 1st period - Shane Doan wins face-off versus Ryan Kesler in Stars zone.
3:13 of 1st period - Slapshot by Mike Ribeiro.
3:13 of 1st period - Stopped by Brian Elliott with a rebound.
4:25 of 1st period - Penalty to Alexei Morozov is over, Alexei Morozov is back on ice.
4:33 of 1st period - Snap shot by Saku Koivu.
4:33 of 1st period - Shot Blocked by Brendan Smith.
4:53 of 1st period - Snap shot by Chris Kunitz.
4:53 of 1st period - Stopped by Brian Elliott with a rebound.
5:23 of 1st period - Slapshot by Shane Doan.
5:23 of 1st period - Stopped by Brian Elliott with a rebound.
6:15 of 1st period - Icing by Petr Schastlivy.
6:16 of 1st period - Ryan Kesler wins face-off versus John Tavares in Stars zone.
6:19 of 1st period - Slapshot by Nathan Horton.
6:19 of 1st period - Shot Misses the Net.
6:21 of 1st period - Snap shot by Simon Gagné.
6:21 of 1st period - Stopped by Pascal Leclaire with a rebound.
6:23 of 1st period - Wrist shot by Nathan Horton.
6:23 of 1st period - Stopped by Pascal Leclaire with a rebound.
6:25 of 1st period - Snap shot by Nathan Horton.
6:25 of 1st period - Stopped by Pascal Leclaire without a rebound.
6:26 of 1st period - Mike Ribeiro wins face-off versus Steven Stamkos in Stars zone.
8:00 of 1st period - Snap shot by Chris Stewart.
8:00 of 1st period - Stopped by Brian Elliott with a rebound.
8:02 of 1st period - Slapshot by Jordan Leopold.
8:02 of 1st period - Deflect By Chris Stewart.
8:02 of 1st period - Goal by Chris Stewart - Penguins : 0 - Stars : 1.
8:03 of 1st period - Ryan Kesler wins face-off versus John Tavares in neutral zone.
8:18 of 1st period - Snap shot by John Tavares.
8:18 of 1st period - Stopped by Brian Elliott with a rebound.
8:28 of 1st period - Scott Hartnell is hit by Steven Stamkos and loses puck.
8:50 of 1st period - Icing by Chris Stewart.
8:51 of 1st period - Denis Arkhipov wins face-off versus Saku Koivu in Stars zone.
9:00 of 1st period - Wrist shot by Ladislav Nagy.
9:00 of 1st period - Stopped by Pascal Leclaire with a rebound.
9:02 of 1st period - Slapshot by Sean Zimmerman.
9:02 of 1st period - Stopped by Pascal Leclaire without a rebound.
9:03 of 1st period - Ryan Kesler wins face-off versus John Tavares in Stars zone.
9:18 of 1st period - Wrist shot by John Tavares.
9:18 of 1st period - Shot Misses the Net.
9:30 of 1st period - Scott Hartnell is hit by Dustin Penner and loses puck.
9:37 of 1st period - Snap shot by Bobby Ryan.
9:37 of 1st period - Shot Blocked by Jordan Leopold.
10:20 of 1st period - Icing by Brendan Smith.
10:21 of 1st period - Alexei Morozov wins face-off versus Denis Arkhipov in Penguins zone.
10:38 of 1st period - Brendan Smith is hit by Scott Hartnell.
10:46 of 1st period - Snap shot by Ladislav Nagy.
10:46 of 1st period - Shot Misses the Net.
10:48 of 1st period - Slapshot by Paul Ranger.
10:48 of 1st period - Stopped by Pascal Leclaire with a rebound.
10:50 of 1st period - Slapshot by Brian McGrattan.
10:50 of 1st period - Shot Misses the Net.
10:52 of 1st period - Snap shot by Denis Arkhipov.
10:52 of 1st period - Goal by Denis Arkhipov - Penguins : 1 - Stars : 1.
10:53 of 1st period - Simon Gagné wins face-off versus John Tavares in neutral zone.
11:00 of 1st period - Off-side.
11:01 of 1st period - Ryan Kesler wins face-off versus John Tavares in neutral zone.
11:18 of 1st period - Radim Vrbata is hit by Brooks Orpik and loses puck.
11:33 of 1st period - Wrist shot by Radim Vrbata.
11:33 of 1st period - Stopped by Brian Elliott with a rebound.
11:35 of 1st period - Wrist shot by Eric Brewer.
11:35 of 1st period - Deflect By John Tavares.
11:35 of 1st period - Shot Misses the Net.
11:35 of 1st period - Puck is out of play.
11:36 of 1st period - Mike Ribeiro wins face-off versus Steven Stamkos in Penguins zone.
12:12 of 1st period - Snap shot by Steve Sullivan.
12:12 of 1st period - Stopped by Pascal Leclaire with a rebound.
12:30 of 1st period - Snap shot by Ryan Kesler.
12:30 of 1st period - Stopped by Pascal Leclaire without a rebound.
12:31 of 1st period - Mike Ribeiro wins face-off versus Nathan Horton in Stars zone.
12:56 of 1st period - Nathan Horton is hit by Chris Kunitz and loses puck.
13:07 of 1st period - Snap shot by Chris Stewart.
13:07 of 1st period - Deflect By Nathan Horton.
13:07 of 1st period - Stopped by Brian Elliott without a rebound.
13:08 of 1st period - Steven Stamkos wins face-off versus Mike Ribeiro in Penguins zone.
14:15 of 1st period - Snap shot by Ryan Kesler.
14:15 of 1st period - Shot Misses the Net.
15:23 of 1st period - Off-side.
15:24 of 1st period - Denis Arkhipov wins face-off versus John Tavares in neutral zone.
15:56 of 1st period - Wrist shot by Alexei Morozov.
15:56 of 1st period - Shot Misses the Net.
15:58 of 1st period - Slapshot by Jordan Leopold.
15:58 of 1st period - Deflect By Scott Hartnell.
15:58 of 1st period - Shot Misses the Net.
15:58 of 1st period - Puck is out of play.
15:59 of 1st period - Mike Ribeiro wins face-off versus Dustin Penner in Penguins zone.
16:07 of 1st period - Icing by Steven Stamkos.
16:08 of 1st period - Steven Stamkos wins face-off versus Mike Ribeiro in Penguins zone.
16:30 of 1st period - Snap shot by Steven Stamkos.
16:30 of 1st period - Shot Misses the Net.
16:32 of 1st period - Wrist shot by Dustin Penner.
16:32 of 1st period - Stopped by Pascal Leclaire without a rebound.
16:33 of 1st period - Ryan Kesler wins face-off versus John Tavares in Stars zone.
16:49 of 1st period - Minor Penalty to Ryane Clowe for Holding.
16:50 of 1st period - Mike Ribeiro wins face-off versus Ryan Kesler in Stars zone.
18:04 of 1st period - Brent Sopel is hit by Alexei Morozov and loses puck.
18:17 of 1st period - Simon Gagné is hit by Scott Hartnell and loses puck.
18:49 of 1st period - Penalty to Ryane Clowe is over, Ryane Clowe is back on ice.
18:59 of 1st period - Slapshot by Darren Reid.
18:59 of 1st period - Shot Misses the Net.
Goals for this period are 1 for Penguins vs 1 for Stars.
Shots for this period are 11 for Penguins vs 9 for Stars.

2nd period


0:01 of 2nd period - Ryan Kesler wins face-off versus Mike Ribeiro in neutral zone.
0:04 of 2nd period - Snap shot by Ryan Kesler.
0:04 of 2nd period - Goal by Ryan Kesler - Penguins : 2 - Stars : 1.
0:05 of 2nd period - Mike Ribeiro wins face-off versus Ryan Kesler in neutral zone.
0:30 of 2nd period - Brooks Orpik is hit by Chris Kunitz and loses puck.
0:43 of 2nd period - Wrist shot by Nathan Horton.
0:43 of 2nd period - Stopped by Pascal Leclaire without a rebound.
0:44 of 2nd period - Steven Stamkos wins face-off versus Scott Hartnell in Stars zone.
1:10 of 2nd period - Steve Sullivan is hit by Brian Lee and loses puck.
1:31 of 2nd period - Sean Zimmerman is hit by Jordan Leopold and loses puck.
2:40 of 2nd period - Ryane Clowe is hit by Steve Sullivan and loses puck.
2:53 of 2nd period - Paul Ranger is hit by John Tavares and loses puck.
3:00 of 2nd period - Wrist shot by John Tavares.
3:00 of 2nd period - Shot Blocked by Darren Reid.
3:55 of 2nd period - Snap shot by Darren Reid.
3:55 of 2nd period - Stopped by Pascal Leclaire without a rebound.
3:56 of 2nd period - Mike Ribeiro wins face-off versus Ryan Kesler in Stars zone.
3:56 of 2nd period - Mike Ribeiro is hit by Nathan Horton.
4:06 of 2nd period - Alexei Morozov is hit by Nathan Horton and loses puck.
4:25 of 2nd period - Snap shot by Ladislav Nagy.
4:25 of 2nd period - Stopped by Pascal Leclaire with a rebound.
4:27 of 2nd period - Wrist shot by Denis Arkhipov.
4:27 of 2nd period - Goal by Denis Arkhipov - Penguins : 3 - Stars : 1.
4:28 of 2nd period - Mike Ribeiro wins face-off versus Ryan Kesler in neutral zone.
4:51 of 2nd period - Brooks Orpik is hit by Mike Ribeiro and loses puck.
5:04 of 2nd period - Snap shot by Mike Ribeiro.
5:04 of 2nd period - Deflect By Simon Gagné.
5:04 of 2nd period - Stopped by Brian Elliott without a rebound.
5:05 of 2nd period - Steven Stamkos wins face-off versus Chris Kunitz in Penguins zone.
5:18 of 2nd period - Slapshot by Chris Kunitz.
5:18 of 2nd period - Stopped by Brian Elliott without a rebound.
5:19 of 2nd period - Steven Stamkos wins face-off versus John Tavares in Penguins zone.
5:46 of 2nd period - Nathan Horton is hit by Mike Ribeiro and loses puck.
5:53 of 2nd period - Snap shot by Ryan Kesler.
5:53 of 2nd period - Stopped by Pascal Leclaire with a rebound.
5:55 of 2nd period - Wrist shot by Luke Schenn.
5:55 of 2nd period - Stopped by Pascal Leclaire without a rebound.
5:56 of 2nd period - Saku Koivu wins face-off versus Steven Stamkos in Stars zone.
6:07 of 2nd period - Snap shot by Saku Koivu.
6:07 of 2nd period - Shot Misses the Net.
6:23 of 2nd period - Simon Gagné is hit by Mike Ribeiro and loses puck.
6:54 of 2nd period - Ladislav Nagy is hit by Ryane Clowe and loses puck.
7:17 of 2nd period - Wrist shot by Steven Stamkos.
7:17 of 2nd period - Stopped by Pascal Leclaire without a rebound.
7:18 of 2nd period - Ryan Kesler wins face-off versus Mike Ribeiro in Stars zone.
7:23 of 2nd period - Snap shot by Simon Gagné.
7:23 of 2nd period - Shot Misses the Net.
7:25 of 2nd period - Snap shot by Brooks Orpik.
7:25 of 2nd period - Stopped by Pascal Leclaire without a rebound.
7:26 of 2nd period - Ryan Kesler wins face-off versus Mike Ribeiro in Stars zone.
7:40 of 2nd period - Slapshot by Ryan Kesler.
7:40 of 2nd period - Stopped by Pascal Leclaire with a rebound.
7:42 of 2nd period - Slapshot by Nathan Horton.
7:42 of 2nd period - Shot Blocked by Pavel Kubina.
7:44 of 2nd period - Snap shot by Simon Gagné.
7:44 of 2nd period - Shot Misses the Net.
7:46 of 2nd period - Wrist shot by Simon Gagné.
7:46 of 2nd period - Stopped by Pascal Leclaire without a rebound.
7:47 of 2nd period - Chris Stewart wins face-off versus Steven Stamkos in Stars zone.
8:12 of 2nd period - Nathan Horton is hit by Jordan Leopold and loses puck.
8:23 of 2nd period - Snap shot by Simon Gagné.
8:23 of 2nd period - Shot Misses the Net.
8:25 of 2nd period - Slapshot by Brooks Orpik.
8:25 of 2nd period - Stopped by Pascal Leclaire with a rebound.
8:39 of 2nd period - Steve Sullivan is hit by Scott Hartnell and loses puck.
8:56 of 2nd period - Snap shot by Denis Arkhipov.
8:56 of 2nd period - Deflect By Shane Doan.
8:56 of 2nd period - Stopped by Pascal Leclaire without a rebound.
8:57 of 2nd period - Marty Reasoner wins face-off versus Denis Arkhipov in Stars zone.
9:04 of 2nd period - Petr Schastlivy is hit by Luke Schenn and loses puck.
9:19 of 2nd period - Slapshot by Brian Lee.
9:19 of 2nd period - Stopped by Brian Elliott without a rebound.
9:20 of 2nd period - Mike Ribeiro wins face-off versus Ryan Kesler in Penguins zone.
9:34 of 2nd period - Minor Penalty to Sean Zimmerman for Holding.
9:35 of 2nd period - Mike Ribeiro wins face-off versus Ryan Kesler in Penguins zone.
9:35 of 2nd period - Wrist shot by Alexei Morozov.
9:35 of 2nd period - Stopped by Brian Elliott with a rebound.
9:37 of 2nd period - Wrist shot by Mike Ribeiro.
9:37 of 2nd period - Shot Misses the Net.
9:39 of 2nd period - Slapshot by Mike Ribeiro.
9:39 of 2nd period - Goal by Mike Ribeiro - Penguins : 3 - Stars : 2.
9:40 of 2nd period - Mike Ribeiro wins face-off versus Ryan Kesler in neutral zone.
10:05 of 2nd period - John Tavares is hit by Oleg Kvasha and loses puck.
10:10 of 2nd period - Snap shot by Oleg Kvasha.
10:10 of 2nd period - Shot Blocked by John Tavares.
10:57 of 2nd period - Marty Reasoner is hit by Nathan Horton and loses puck.
11:25 of 2nd period - Minor Penalty to Scott Hartnell for Hooking.
11:26 of 2nd period - Ryan Kesler wins face-off versus Mike Ribeiro in Stars zone.
12:45 of 2nd period - Simon Gagné is hit by Brian Lee and loses puck.
13:25 of 2nd period - Penalty to Scott Hartnell is over, Scott Hartnell is back on ice.
13:58 of 2nd period - Radim Vrbata is hit by Denis Arkhipov and loses puck.
14:09 of 2nd period - Ryane Clowe is hit by Sean Zimmerman and loses puck.
15:54 of 2nd period - Steven Stamkos is hit by Mike Ribeiro and loses puck.
16:15 of 2nd period - Icing by Denis Arkhipov.
16:16 of 2nd period - Denis Arkhipov wins face-off versus John Tavares in Penguins zone.
16:16 of 2nd period - Denis Arkhipov is hit by Radim Vrbata.
16:37 of 2nd period - Off-side.
16:38 of 2nd period - Mike Ribeiro wins face-off versus Ryan Kesler in neutral zone.
16:40 of 2nd period - Off-side.
16:41 of 2nd period - Mike Ribeiro wins face-off versus Ryan Kesler in neutral zone.
16:44 of 2nd period - Slapshot by Scott Hartnell.
16:44 of 2nd period - Deflect By Mike Ribeiro.
16:44 of 2nd period - Stopped by Brian Elliott with a rebound.
16:46 of 2nd period - Slapshot by Travis Hamonic.
16:46 of 2nd period - Shot Misses the Net.
16:48 of 2nd period - Snap shot by Mike Ribeiro.
16:48 of 2nd period - Stopped by Brian Elliott without a rebound.
16:49 of 2nd period - Ryan Kesler wins face-off versus Mike Ribeiro in Penguins zone.
17:12 of 2nd period - Icing by Pavel Kubina.
17:13 of 2nd period - Dustin Penner wins face-off versus Mike Ribeiro in Stars zone.
17:40 of 2nd period - Slapshot by Pavel Kubina.
17:40 of 2nd period - Stopped by Brian Elliott with a rebound.
17:42 of 2nd period - Snap shot by Chris Kunitz.
17:42 of 2nd period - Stopped by Brian Elliott without a rebound.
17:43 of 2nd period - Saku Koivu wins face-off versus Nathan Horton in Penguins zone.
17:57 of 2nd period - Minor Penalty to Nathan Horton for Hooking.
17:58 of 2nd period - Mike Ribeiro wins face-off versus Ryan Kesler in Penguins zone.
18:14 of 2nd period - Ryan Kesler is hit by Scott Hartnell and loses puck.
18:33 of 2nd period - Snap shot by John Tavares.
18:33 of 2nd period - Deflect By Radim Vrbata.
18:33 of 2nd period - Shot Blocked by Sean Zimmerman.
18:33 of 2nd period - Puck is out of play.
18:34 of 2nd period - John Tavares wins face-off versus Ryan Kesler in Penguins zone.
18:39 of 2nd period - Wrist shot by John Tavares.
18:39 of 2nd period - Stopped by Brian Elliott with a rebound.
18:55 of 2nd period - Bobby Ryan is hit by John Tavares and loses puck.
19:00 of 2nd period - Snap shot by Ryane Clowe.
19:00 of 2nd period - Shot Blocked by Brent Sopel.
19:02 of 2nd period - Snap shot by John Tavares.
19:02 of 2nd period - Shot Blocked by Bobby Ryan.
19:04 of 2nd period - Wrist shot by Ryane Clowe.
19:04 of 2nd period - Stopped by Brian Elliott without a rebound.
19:05 of 2nd period - Mike Ribeiro wins face-off versus Ryan Kesler in Penguins zone.
19:57 of 2nd period - Penalty to Nathan Horton is over, Nathan Horton is back on ice.
Goals for this period are 2 for Penguins vs 1 for Stars.
Shots for this period are 13 for Penguins vs 11 for Stars.

3rd period


0:01 of 3rd period - Ryan Kesler wins face-off versus Mike Ribeiro in neutral zone.
0:16 of 3rd period - Snap shot by Alexei Morozov.
0:16 of 3rd period - Shot Misses the Net.
0:26 of 3rd period - Eric Brewer is hit by Dustin Penner and loses puck.
0:33 of 3rd period - Slapshot by Bobby Ryan.
0:33 of 3rd period - Shot Misses the Net.
0:41 of 3rd period - Luke Schenn is hit by Radim Vrbata and loses puck.
0:56 of 3rd period - Wrist shot by Marty Reasoner.
0:56 of 3rd period - Stopped by Brian Elliott with a rebound.
0:58 of 3rd period - Snap shot by Shane Doan.
0:58 of 3rd period - Stopped by Brian Elliott with a rebound.
1:00 of 3rd period - Slapshot by Petr Schastlivy.
1:00 of 3rd period - Shot Misses the Net.
1:16 of 3rd period - Brian Lee is hit by Dustin Penner and loses puck.
1:27 of 3rd period - Wrist shot by Bobby Ryan.
1:27 of 3rd period - Shot Blocked by Mike Ribeiro.
1:29 of 3rd period - Slapshot by Luke Schenn.
1:29 of 3rd period - Deflect By Steven Stamkos.
1:29 of 3rd period - Shot Blocked by Brian Lee.
1:29 of 3rd period - Puck is out of play.
1:30 of 3rd period - Ryan Kesler wins face-off versus John Tavares in Stars zone.
1:42 of 3rd period - Simon Gagné is hit by Radim Vrbata and loses puck.
3:05 of 3rd period - Minor Penalty to Luke Schenn for High sticking.
3:06 of 3rd period - Ryan Kesler wins face-off versus Mike Ribeiro in Penguins zone.
3:16 of 3rd period - Wrist shot by Alexei Morozov.
3:16 of 3rd period - Stopped by Brian Elliott without a rebound.
3:17 of 3rd period - Mike Ribeiro wins face-off versus Ryan Kesler in Penguins zone.
3:18 of 3rd period - Snap shot by Scott Hartnell.
3:18 of 3rd period - Stopped by Brian Elliott with a rebound.
4:27 of 3rd period - Icing by Alexei Morozov.
4:28 of 3rd period - Mike Ribeiro wins face-off versus Ryan Kesler in Stars zone.
5:05 of 3rd period - Penalty to Luke Schenn is over, Luke Schenn is back on ice.
5:42 of 3rd period - Snap shot by Petr Schastlivy.
5:42 of 3rd period - Shot Misses the Net.
5:44 of 3rd period - Snap shot by Shane Doan.
5:44 of 3rd period - Shot Misses the Net.
6:00 of 3rd period - Snap shot by John Tavares.
6:00 of 3rd period - Stopped by Brian Elliott with a rebound.
6:14 of 3rd period - Minor Penalty to Brian Lee for Tripping.
6:15 of 3rd period - Mike Ribeiro wins face-off versus Ryan Kesler in Stars zone.
6:51 of 3rd period - Wrist shot by Steven Stamkos.
6:51 of 3rd period - Stopped by Pascal Leclaire without a rebound.
6:52 of 3rd period - Bobby Ryan wins face-off versus Alexei Morozov in Stars zone.
7:12 of 3rd period - Minor Penalty to Alexei Morozov for Slashing.
7:13 of 3rd period - Mike Ribeiro wins face-off versus Ryan Kesler in Stars zone.
7:23 of 3rd period - Pavel Kubina is hit by Simon Gagné.
8:14 of 3rd period - Penalty to Brian Lee is over, Brian Lee is back on ice.
8:21 of 3rd period - Scott Hartnell is hit by Steven Stamkos and loses puck.
9:12 of 3rd period - Penalty to Alexei Morozov is over, Alexei Morozov is back on ice.
9:20 of 3rd period - Minor Penalty to Saku Koivu for Holding.
9:21 of 3rd period - Mike Ribeiro wins face-off versus Steven Stamkos in Stars zone.
9:26 of 3rd period - Minor Penalty to Brent Sopel for Hooking.
9:27 of 3rd period - Ryan Kesler wins face-off versus Mike Ribeiro in Penguins zone.
9:58 of 3rd period - Icing by Brooks Orpik.
9:59 of 3rd period - Ryan Kesler wins face-off versus Mike Ribeiro in Penguins zone.
10:59 of 3rd period - Wrist shot by Pavel Kubina.
10:59 of 3rd period - Shot Blocked by Brooks Orpik.
11:20 of 3rd period - Penalty to Saku Koivu is over, Saku Koivu is back on ice.
11:26 of 3rd period - Penalty to Brent Sopel is over, Brent Sopel is back on ice.
11:38 of 3rd period - Slapshot by Pavel Kubina.
11:38 of 3rd period - Stopped by Brian Elliott with a rebound.
11:48 of 3rd period - Wrist shot by Scott Hartnell.
11:48 of 3rd period - Deflect By Mike Ribeiro.
11:48 of 3rd period - Stopped by Brian Elliott without a rebound.
11:49 of 3rd period - John Tavares wins face-off versus Oleg Kvasha in Penguins zone.
11:53 of 3rd period - Minor Penalty to Paul Ranger for Holding.
11:54 of 3rd period - John Tavares wins face-off versus Simon Gagné in Penguins zone.
12:20 of 3rd period - Sean Zimmerman is hit by Alexei Morozov and loses puck.
13:52 of 3rd period - Sean Zimmerman is hit by Alexei Morozov and loses puck.
13:53 of 3rd period - Penalty to Paul Ranger is over, Paul Ranger is back on ice.
13:59 of 3rd period - Slapshot by Sean Zimmerman.
13:59 of 3rd period - Shot Misses the Net.
14:05 of 3rd period - Bobby Ryan is hit by Chris Kunitz and loses puck.
14:32 of 3rd period - Wrist shot by Bobby Ryan.
14:32 of 3rd period - Deflect By Nathan Horton.
14:32 of 3rd period - Stopped by Pascal Leclaire without a rebound.
14:33 of 3rd period - John Tavares wins face-off versus Oleg Kvasha in Stars zone.
15:41 of 3rd period - Brent Sopel is hit by Petr Schastlivy.
15:51 of 3rd period - Snap shot by Petr Schastlivy.
15:51 of 3rd period - Shot Misses the Net.
15:53 of 3rd period - Wrist shot by Marty Reasoner.
15:53 of 3rd period - Shot Misses the Net.
15:55 of 3rd period - Slapshot by Marty Reasoner.
15:55 of 3rd period - Deflect By Shane Doan.
15:55 of 3rd period - Shot Misses the Net.
15:55 of 3rd period - Puck is out of play.
15:56 of 3rd period - Saku Koivu wins face-off versus Ryan Kesler in Penguins zone.
15:57 of 3rd period - Snap shot by Chris Stewart.
15:57 of 3rd period - Shot Misses the Net.
16:03 of 3rd period - Snap shot by Simon Gagné.
16:03 of 3rd period - Stopped by Pascal Leclaire without a rebound.
16:04 of 3rd period - Ryan Kesler wins face-off versus Chris Stewart in Stars zone.
16:33 of 3rd period - Wrist shot by Steven Stamkos.
16:33 of 3rd period - Stopped by Pascal Leclaire without a rebound.
16:34 of 3rd period - Steven Stamkos wins face-off versus Mike Ribeiro in Stars zone.
16:43 of 3rd period - Snap shot by Alexei Morozov.
16:43 of 3rd period - Shot Blocked by Steven Stamkos.
16:45 of 3rd period - Snap shot by Mike Ribeiro.
16:45 of 3rd period - Stopped by Brian Elliott without a rebound.
16:46 of 3rd period - Saku Koivu wins face-off versus Ryan Kesler in Penguins zone.
16:49 of 3rd period - Slapshot by Saku Koivu.
16:49 of 3rd period - Stopped by Brian Elliott with a rebound.
16:55 of 3rd period - Wrist shot by Chris Stewart.
16:55 of 3rd period - Stopped by Brian Elliott with a rebound.
17:00 of 3rd period - Off-side.
17:01 of 3rd period - Oleg Kvasha wins face-off versus Mike Ribeiro in neutral zone.
17:08 of 3rd period - Wrist shot by Oleg Kvasha.
17:08 of 3rd period - Shot Blocked by Eric Brewer.
17:10 of 3rd period - Slapshot by Sean Zimmerman.
17:10 of 3rd period - Stopped by Pascal Leclaire without a rebound.
17:11 of 3rd period - Mike Ribeiro wins face-off versus Oleg Kvasha in Stars zone.
17:11 of 3rd period - Mike Ribeiro is hit by Steve Sullivan.
17:51 of 3rd period - Slapshot by Darren Reid.
17:51 of 3rd period - Shot Misses the Net.
17:53 of 3rd period - Wrist shot by Steve Sullivan.
17:53 of 3rd period - Stopped by Pascal Leclaire with a rebound.
17:55 of 3rd period - Slapshot by Brooks Orpik.
17:55 of 3rd period - Deflect By Scott Hartnell.
17:55 of 3rd period - Stopped by Pascal Leclaire with a rebound.
17:57 of 3rd period - Wrist shot by Steve Sullivan.
17:57 of 3rd period - Goal by Steve Sullivan - Penguins : 4 - Stars : 2.
17:58 of 3rd period - Ryan Kesler wins face-off versus Saku Koivu in neutral zone.
17:58 of 3rd period - Ryan Kesler is hit by Jordan Leopold.
18:07 of 3rd period - Minor Penalty to Chris Kunitz for Tripping.
18:08 of 3rd period - Mike Ribeiro wins face-off versus Ryan Kesler in Stars zone.
18:16 of 3rd period - Slapshot by Brooks Orpik.
18:16 of 3rd period - Goal by Brooks Orpik - Penguins : 5 - Stars : 2.
18:17 of 3rd period - Ryan Kesler wins face-off versus Mike Ribeiro in neutral zone.
19:05 of 3rd period - Eric Brewer is hit by Oleg Kvasha and loses puck.
19:46 of 3rd period - Marty Reasoner is hit by Steven Stamkos and loses puck.
Goals for this period are 2 for Penguins vs 0 for Stars.
Shots for this period are 9 for Penguins vs 10 for Stars.


Output by the SimonT Hockey Simulator (STHS) for François Prévost -- Original Page W3C XHTML 1.0 Valid
Hockey Simulator - Hockey Simulation - Hockey Manager